 Dungeon Crawl Stone Soup version 0.31-a0-217-g58bb5d79cf (webtiles) character file.

Game seed: 11325509689125706239

396 greenbourne the Magician (level 6, -1/42 HPs)
             Began as an Octopode Hedge Wizard on July 3, 2023.
             Was an Initiate of Ashenzari.
             Slain by a +9 dagger of the Charming Gods {spect, Fragile rF+++ rC- rCorr} (6 damage)
             ... created by an orc
             ... on level 5 of the Dungeon.
             The game lasted 00:19:59 (6288 turns).

greenbourne the Magician (Octopode Hedge Wizard)    Turns: 6288, Time: 00:20:00

Health: -1/42      AC:  1    Str:  9    XL:     6   Next: 82%
Magic:  8/12       EV: 23    Int: 19    God:    Ashenzari [......]
Gold:   87         SH:  0    Dex: 11    Spells: 8/13 levels left

rFire   . . .        b - staff of conjuration
rCold   . . .        (no shield)
rNeg    . . .        w - +0 hat
rPois   .            (no amulet)
rElec   .            l - +5 ring of evasion
rCorr   .            u - +5 ring of evasion
SInv    .            (no ring)
Will    .....        (no ring)
Stlth   +++          (no ring)
HPRegen 0.27/turn    (no ring)
MPRegen 0.13/turn    (no ring)
                     (no ring)

%: no passive effects
@: no status effects
A: almost no armour, amphibious, 8 rings, camouflage 1, gelatinous body 1,
(nimble swimmer 1), tentacles
a: Renounce Religion


You were on level 5 of the Dungeon.
You worshipped Ashenzari.
Ashenzari was noncommittal.
You visited 2 branches of the dungeon, and saw 6 of its levels.

You collected 171 gold pieces.
You spent 84 gold pieces at shops.

Inventory:

Hand Weapons
 a - a +0 dagger of venom
Missiles
 f - 11 boomerangs
 s - 6 poisoned darts
Armour
 w - a +0 hat (worn)
Magical Staves
 b - a staff of conjuration (weapon)
Jewellery
 j - a ring of fire
 l - a +5 ring of evasion (left tentacle)
 u - a +5 ring of evasion (right tentacle)
Scrolls
 e - 2 scrolls of revelation {unknown}
 g - 2 scrolls of fog {unknown}
 h - 2 scrolls of immolation
 i - 2 scrolls of amnesia {unknown}
 k - 2 scrolls of teleportation
 q - a scroll of fear {unknown}
 r - a scroll of noise {unknown}
 v - a scroll of enchant armour {unknown}
 x - a scroll of enchant weapon {unknown}
Potions
 c - a potion of magic
 d - 2 potions of heal wounds
 m - 2 potions of attraction
 n - 2 potions of might
 p - a potion of ambrosia
 t - a potion of enlightenment {unknown}


   Skills:
 - Level 3.0 Fighting
 - Level 2.0 Dodging
 - Level 3.0 Stealth
 - Level 4.0 Spellcasting
 + Level 2.8 Conjurations
 - Level 2.1 Hexes
 - Level 1.0 Summonings
 - Level 1.4 Translocations
 - Level 3.0 Fire Magic


You had 8 spell levels left.
You knew the following spells:

 Your Spells              Type           Power      Damage    Failure   Level
a - Magic Dart            Conj           84%        1d7       4%          1
b - Slow                  Hex            44%        N/A       6%          1
c - Blink                 Tloc           18%        N/A       12%         2
d - Foxfire               Conj/Fire      88%        2x1d8     4%          1

Your spell library contained the following spells:

 Spells                   Type           Power      Damage    Failure   Level
 Call Imp                 Summ           14%        N/A       14%         2
 Confusing Touch          Hex            11%        N/A       17%         3
 Cigotuvi's Dreadful Rot  Necr/Pois/Air  6%         N/A       21%         2
 Mephitic Cloud           Conj/Pois/Air  11%        N/A       28%         3
 Vampiric Draining        Necr           3%         2d6       38%         3
 Fireball                 Conj/Fire      11%        3d7       75%         5
 Plasma Beam              Fire/Air       4%         2x1d14    100%        6
 Starburst                Conj/Fire      11%        6d5       100%        6
 Storm Form               Tmut/Air       1%         N/A       100%        7
 Maxwell's Capacitive Co  Air            1%         ∞         100%        8


Dungeon Overview and Level Annotations

Branches:
Dungeon (5/15)             Temple (1/1) D:5

Altars:
Ashenzari
Cheibriados
Dithmenos
Elyvilon
Hepliaklqana
Makhleb
Okawaru
Trog
Uskayaw
Vehumet
Wu Jian
Xom
Yredelemnul
Zin

Shops:
D:2 ?

Annotations:
D:2 1 runed translucent door, Crazy Yiuf, Sigmund
D:4 Menkaure


Innate Abilities, Weirdness & Mutations

You cannot wear most types of armour.
You are amphibious.
You can wear up to eight rings at the same time.
Your skin changes colour to match your surroundings (Stealth+).
Your rubbery body absorbs attacks. (AC +1, EV +1)
((You are camouflaged when in or above water. (Stealth+)))
You have tentacles for arms and can constrict up to eight enemies at once.


Message History

The foxfire hits the orc.
The orc completely resists.
Your foxfire dissipates!
Casting: Foxfire (safe; 4% risk of failure)
Confirm with . or Enter, or press ? or * to list all spells.
You feel a surge of power!
You conjure some foxfire!
The orc jeers loudly.
The foxfire hits the orc.
The orc completely resists.
The foxfire hits the orc.
The orc completely resists.
Casting: Foxfire (safe; 4% risk of failure)
Confirm with . or Enter, or press ? or * to list all spells.
You feel a surge of power!
You conjure some foxfire!
The orc barely misses you.
The +9 dagger of the Charming Gods {spect, Fragile rF+++ rC- rCorr} completely misses you.
A +9 dagger of the Charming Gods {spect, Fragile rF+++ rC- rCorr} comes into view.
The foxfire hits the +9 dagger of the Charming Gods {spect, Fragile rF+++ rC- rCorr}.
The +9 dagger of the Charming Gods {spect, Fragile rF+++ rC- rCorr} resists.
The +9 dagger of the Charming Gods {spect, Fragile rF+++ rC- rCorr} is lightly damaged.
The foxfire hits the orc.
The orc completely resists.
The orc hits you with the +9 dagger of the Charming Gods {spect, Fragile rF+++ rC- rCorr}!
The +9 dagger of the Charming Gods {spect, Fragile rF+++ rC- rCorr} hits you.
Casting: Foxfire (safe; 4% risk of failure)
Confirm with . or Enter, or press ? or * to list all spells.
You feel a surge of power!
You conjure some foxfire!
The +9 dagger of the Charming Gods {spect, Fragile rF+++ rC- rCorr} hits you!
The +9 dagger of the Charming Gods {spect, Fragile rF+++ rC- rCorr} closely misses you.
The orc hits you with the +9 dagger of the Charming Gods {spect, Fragile rF+++ rC- rCorr}.
The +9 dagger of the Charming Gods {spect, Fragile rF+++ rC- rCorr} barely misses you. x2
Casting: Foxfire (safe; 4% risk of failure)
Confirm with . or Enter, or press ? or * to list all spells.
You feel a surge of power!
You conjure some foxfire!
The foxfire hits the orc.
The orc completely resists.
The foxfire hits the +9 dagger of the Charming Gods {spect, Fragile rF+++ rC- rCorr}.
The +9 dagger of the Charming Gods {spect, Fragile rF+++ rC- rCorr} resists.
The +9 dagger of the Charming Gods {spect, Fragile rF+++ rC- rCorr} is lightly damaged.
The +9 dagger of the Charming Gods {spect, Fragile rF+++ rC- rCorr} completely misses you.
The +9 dagger of the Charming Gods {spect, Fragile rF+++ rC- rCorr} hits you!
* * * LOW HITPOINT WARNING * * *
The orc misses you.
The +9 dagger of the Charming Gods {spect, Fragile rF+++ rC- rCorr} completely misses you.
The +9 dagger of the Charming Gods {spect, Fragile rF+++ rC- rCorr} hits you.
You die...

#...................
####.##.############.# #.##.#
#......#.#
#.##.#####.####...####
#.#..................#
#.....###...####......
####.§§..'...............
######...§#§#.##v...#####.....
.........#§§§###@o..# .>.
######..#§#.#§#v(...# .
#..§§._§§§.....#
#§.#.#§#.##'####
######.).#§§.#....#
.........§#.#.....#
..................#
..########...###### ..# #...#


You could see a +9 dagger of the Charming Gods {spect, Fragile rF+++ rC- rCorr}
(ally target) and an orc (ally target).

Vanquished Creatures
  A scorpion (D:5)
  A howler monkey (D:4)
  2 hounds
  2 iguanas
  2 orc wizards (D:5)
  A gnoll (D:1)
  3 adders
  2 white imps (D:5)
  5 dart slugs
  An orc (D:3)
  3 bats
  8 endoplasms
  4 giant cockroaches
  6 goblins
  6 hobgoblins
  4 jackals
  3 quokkas
  4 ball pythons
  8 kobolds
  5 rats
71 creatures vanquished.

Vanquished Creatures (others)
  96 foxfires
96 creatures vanquished.

Grand Total: 167 creatures vanquished

Notes
Turn   | Place    | Note
-------+----------+-------------------------------------------
     0 | D:1      | greenbourne the Octopode Hedge Wizard began the quest for
                  | the Orb.
     0 | D:1      | Reached XP level 1. HP: 11/11 MP: 4/4
     2 | D:1      | Learned a level 1 spell: Slow
   376 | D:1      | Reached skill level 1 in Hexes
   376 | D:1      | Reached XP level 2. HP: 17/17 MP: 0/6
  1002 | D:1      | Reached XP level 3. HP: 21/21 MP: 4/7
  2051 | D:2      | Learned a level 2 spell: Blink
  2163 | D:2      | Found a faded altar of an unknown god.
  2323 | D:2      | Found Huugaxt's Magic Scroll Emporium.
  2509 | D:2      | Reached XP level 4. HP: 27/27 MP: 2/8
  2616 | D:2      | Noticed Sigmund
  2716 | D:2      | Found a runed translucent door.
  2717 | D:2      | Noticed Crazy Yiuf
  3123 | D:3      | Learned a level 1 spell: Foxfire
  3906 | D:2      | Bought a scroll of teleportation for 42 gold pieces
  3906 | D:2      | Bought a scroll of teleportation for 42 gold pieces
  4193 | D:4      | Noticed a phantom
  4258 | D:4      | Reached skill level 1 in Fire Magic
  4464 | D:4      | Reached XP level 5. HP: 19/31 MP: 3/10
  4775 | D:4      | Noticed Menkaure
  5043 | D:4      | Reached skill level 4 in Spellcasting
  5433 | D:5      | Entered Level 5 of the Dungeon
  5444 | D:5      | Found an ornate altar of the Wu Jian Council.
  5536 | D:5      | Reached skill level 1 in Fighting
  5536 | D:5      | Reached XP level 6. HP: 38/38 MP: 5/12
  5786 | D:5      | Found an iron altar of Okawaru.
  5939 | D:5      | Noticed a two-headed ogre
  5982 | D:5      | Found a staircase to the Ecumenical Temple.
  5991 | Temple   | Entered the Ecumenical Temple
  6114 | Temple   | Became a worshipper of Ashenzari the Shackled
  6155 | D:5      | Found a shadowy altar of Dithmenos.
  6273 | D:5      | Identified the +9 dagger of the Charming Gods {spect,
                  | Fragile rF+++ rC- rCorr}
  6288 | D:5      | Slain by a +9 dagger of the Charming Gods {spect, Fragile
                  | rF+++ rC- rCorr}

Illustrated notes

Levels and vault maps discovered:
D:1:      eino_arrival_water_cross, layout_basic, wad_floor_pattern_1,
          kennysheep_minor_cross, hangedman_abyss_or_decor_stabs
D:2:      layout_loops_cross, basic_ecumenical_altar, serial_shops,
          nicolae_shop_rolled_up, uniq_sigmund, uniq_crazy_yiuf_cottage
D:3:      layout_basic
D:4:      layout_loops_ring, uniq_menkaure
D:5:      layout_basic, grunt_dithmenos_smoke_and_mirrors,
          mainiacjoe_overflow_large_starburst, temple_fountains,
          serial_co_window_serial, co_window_of_opportunity_a,
          co_window_paths_a, co_window_paths_a, co_window_paths_a,
          co_window_corner_a, co_window_corner_a, co_window_paths_b,
          co_window_paths_a, co_window_corner_a, co_window_corner_b,
          co_window_broadway_c, co_window_broadway_c,
          co_window_of_opportunity_c, co_window_4corner_a, glass_columns_a,
          glass_columns_b, chequers_serial_rivers_small_3
Temple:   nicolae_temple_bog_church

Skill      XL: |  1  2  3  4  5  6 |
---------------+-------------------+-----
Hexes          | 1 2 |  2.1
Conjurations   | 2 |  2.8
Fire Magic     | 1 2 3 |  3.0
Stealth        | 3 |  3.0
Spellcasting   | 4 |  4.0
Fighting       | 1 3 |  3.0
Dodging        | |  2.0
Summonings     | |  1.0
Translocations | |  1.4

Action                     |  1- 3 |  4- 6 || total
---------------------------+-------+-------++-------
  Melee: Dagger            |     9 |       ||     9
         Constrict         |     1 |       ||     1
         Staff             |       |     1 ||     1
   Cast: Magic Dart        |    93 |    80 ||   173
         Slow              |     3 |     6 ||     9
         Foxfire           |       |    53 ||    53
    Use: Scroll            |       |     8 ||     8
         Potion            |       |     3 ||     3
 Armour: Skin              |     2 |       ||     2
  Dodge: Dodged            |    18 |    51 ||    69

Table legend: (Time is in decaauts)
 A = Elapsed time spent in this place.
 B = Non-inter-level travel time spent in this place.
 C = Inter-level travel time spent in this place.
 D = Time resting spent in this place.
 E = Time spent auto-exploring this place.
 F = Levels seen in this place.
 G = Mean time per level.
                   A        B        C        D        E       F      G
               +--------+--------+--------+--------+--------+-----+--------+
         Total |   6274 |   5988 |    286 |    814 |   4041 |   6 | 1045.7 |
       Dungeon |   6129 |   5881 |    248 |    814 |   3952 |   5 | 1225.8 |
        Temple |    144 |    106 |     38 |      0 |     89 |   1 |  144.0 |
               +--------+--------+--------+--------+--------+-----+--------+

Top non-repeatable levels by time:
     D:1: 2047 daAuts
     D:3: 1217 daAuts
     D:2: 1153 daAuts
     D:4: 1000 daAuts
     D:5: 710 daAuts
  Temple: 144 daAuts
